Map: Ley Lines

Players

xiaoxin

  • Race: Terran Terran
  • League: Grandmaster
  • Spawn Location: 7:00

电脑难度(新手) - Winner!

  • Race: Protoss Protoss
  • Spawn Location: 1:00

VOD

Have the link to the VOD?

Description

Time

  • Played on: Sept. 1, 2025, 5:59 a.m.
  • Length: 7:04
Show
View Real Time Build Order
Export as new Build Order

xiaoxin Terran 

Build Orders:  

Get SALT Encoding   

  12  0:00  SCV  
  13  0:12  SCV  
  14  0:17  Supply Depot  
  14  0:24  SCV  
  15  0:38  SCV  
  15  0:40  Barracks  
  16  0:42  Refinery  
  16  0:51  SCV  
  16  0:52  Refinery  
  17  1:03  SCV  
  18  1:15  SCV  
  19  1:29  Orbital Command  
  19  1:30  Reaper  
  19  1:31  Supply Depot  
  20  1:41  Factory  
  20  1:54  SCV  
  21  2:02  Reaper  
  21  2:06  SCV  
  23  2:18  SCV  
  23  2:19  Command Center  
  24  2:25  Hellion  
  26  2:31  SCV  
  26  2:33  Starport  
  27  2:41  Barracks Reactor  
  27  2:43  SCV  
  28  2:46  Supply Depot  
  28  2:51  Widow Mine  
  28  2:55  SCV  
  31  3:08  SCV  
  31  3:10  Medivac  
  34  3:13  Widow Mine  
  34  3:17  Marine x2  
  38  3:20  SCV  
  39  3:30  Orbital Command  
  39  3:34  SCV  
  40  3:35  Factory Tech Lab  
  40  3:39  Marine x2, Supply Depot  
  40  3:41  Starport Tech Lab  
  42  3:46  SCV  
  43  3:50  Barracks  
  43  3:53  Bunker  
  43  3:55  Siege Tank  
  43  3:59  SCV  
  43  4:01  SCV  
  48  4:07  Marine x2  
  50  4:10  Supply Depot  
  50  4:12  SCV  
  50  4:13  Raven  
  50  4:16  SCV  
  54  4:24  SCV  
  55  4:26  Marine x2  
  55  4:28  SCV  
  58  4:33  Supply Depot  
  58  4:36  SCV, Siege Tank  
  62  4:39  Barracks  
  62  4:41  SCV  
  62  4:45  Refinery  
  63  4:46  Marine x2  
  63  4:48  SCV  
  66  4:53  SCV  
  66  4:56  Starport Reactor  
  66  4:57  Supply Depot  
  66  4:59  Marine  
  68  5:00  Engineering Bay  
  68  5:01  SCV  
  68  5:02  Stimpack  
  68  5:05  SCV  
  68  5:06  Marine  
  68  5:07  Marine  
  72  5:16  Refinery  
  72  5:19  Marauder  
  72  5:20  SCV x2  
  76  5:21  Supply Depot  
  76  5:24  Factory Tech Lab  
  76  5:25  Marine  
  76  5:26  Marine  
  78  5:32  SCV x2  
  78  5:35  Marine  
  81  5:36  Combat Shield  
  81  5:42  Marine  
  82  5:44  SCV  
  82  5:46  Marine x2  
  82  5:49  Supply Depot  
  84  5:53  Siege Tank  
  84  5:58  Marauder  
  84  6:01  Barracks  
  84  6:02  Barracks, Marauder  
  88  6:04  Marine x2  
  90  6:12  Supply Depot, Medivac  
  90  6:13  Medivac  
  94  6:20  Marauder  
  94  6:22  Marine x2  
  94  6:24  Marauder  
  94  6:25  Supply Depot  
  100  6:33  Supply Depot  
  103  6:41  Marine, Marauder  
  103  6:42  Marine  
  109  6:47  Supply Depot  
  111  6:56  Supply Depot  
Show
View Real Time Build Order
Export as new Build Order

电脑难度(新手) Protoss - Winner!

Build Orders:  

Get SALT Encoding   

  12  0:00  Probe  
  13  0:13  Probe  
  14  0:19  Pylon  
  14  0:37  Assimilator  
  14  0:42  Gateway  
  14  0:45  Pylon  
  14  1:12  Assimilator  
  14  1:17  Probe  
  14  1:25  Probe  
  15  1:31  Cybernetics Core  
  16  1:33  Probe  
  17  1:43  Probe  
  18  1:55  Probe  
  19  2:04  Probe  
  19  2:07  Warp Gate  
  19  2:08  Stalker  
  22  2:30  Pylon  
  22  2:36  Stalker  
  24  3:00  Zealot  
  26  5:39  Probe, Zealot  
  29  5:43  Robotics Facility  
  29  5:51  Probe  
  30  5:57  Pylon  
  30  6:01  Probe  
  31  6:09  Probe  
  31  6:17  Probe  
  27  6:29  Observer  
  28  6:34  Zealot  
Tags
 
Matchup
PvT
Spawn Locations
Cross Positions
Add a new tag
Caveats
  • Supply blocks, unpowered buildings, or Contaminate may cause inaccurate times.
  • Supply counts are checked every 10 seconds.